 Dungeon Crawl Stone Soup version 0.15.1-1-gfacfea3 (webtiles) character file.

48952 Johnny the Frost Mage (level 13, 0/107 HPs)
             Began as a Demigod Ice Elementalist on Sept 25, 2014.
             Slain by a tentacled starspawn (9 damage)
             ... on Level 1 of the Abyss.
             The game lasted 02:59:52 (40930 turns).

Johnny the Frost Mage (Demigod Ice Elementalist)   Turns: 40930, Time: 02:59:52

HP   0/107       AC 28     Str 15      XL: 13   Next: 78%
MP  27/31        EV 19     Int 21 (24) God:
Gold 2211        SH  0     Dex 22      Spells:  6 memorised,  6 levels left

rFire  + . .     SeeInvis .     R - +2 cutlass (protect)
rCold  + . .     Clarity  .     d - +3 ring mail {rF+}
rNeg   + + .     rCorr    .     (no shield)
rPois  +         rRot     .     j - +2 helmet
rElec  .         Spirit   .     I - +1 ratskin cloak {rPois rN+ Dex-1 Int-1}
SustAb .         Warding  .     G - +2 pair of gloves {Dex+3}
rMut   .         Stasis   .     h - +1 pair of boots {run}
Gourm  +                        n - amulet of the gourmand
MR     +....                    y - ring "Smoshruk" {Contam rC+ rN+ Str+1}
                                Y - +3 ring of protection

@: agile, drained, quick, somewhat resistant to hostile enchantments, stealthy
A: blurry vision 1, clumsy 1
a: no special abilities


You were on level 1 of the Abyss.
You were not hungry.

You visited 4 branches of the dungeon, and saw 25 of its levels.
You visited the Abyss 1 time.
You also visited: Labyrinth and Volcano.

You collected 3027 gold pieces.
You spent 816 gold pieces at shops.

Inventory:

Hand weapons
 R - a +2 cutlass of protection (weapon)
Armour
 d - a +3 ring mail of fire resistance (worn)
 h - a +1 pair of boots of running (worn)
 j - a +2 helmet (worn)
 G - a +2 pair of gloves of dexterity (worn)
 I - the +1 ratskin cloak (worn) {rPois rN+ Dex-1 Int-1}
   (You found it on level 2 of the Lair of Beasts)

   It affects your intelligence (-1).
   It affects your dexterity (-1).
   It protects you from poison.
   It protects you from negative energy.
Magical devices
 c - a wand of enslavement (0)
 m - a wand of slowing (0)
 o - a wand of fireball (0)
 v - a wand of confusion (0)
 x - a wand of draining (0)
 A - a wand of paralysis (0)
 O - a wand of fire (0)
 W - a wand of teleportation (0)
Comestibles
 g - 2 slices of pizza
 k - 9 beef jerkies
 u - 7 fruits
 E - 8 meat rations
Scrolls
 a - a scroll of teleportation
 i - a scroll of silence
 r - 5 scrolls of magic mapping
 s - 2 scrolls of remove curse
 w - 4 scrolls of amnesia
 S - 3 scrolls of fog
 X - a scroll of fear {unknown}
Jewellery
 n - an amulet of the gourmand (around neck)
 y - the ring "Smoshruk" (right hand) {Contam rC+ rN+ Str+1}
   (You took it off a goblin on level 5 of the Dungeon)

   [ring of strength]

   It affects your strength (+1).
   It protects you from cold.
   It protects you from negative energy.
   It causes magical contamination when unequipped.
 K - an uncursed ring of protection from magic
 Y - a +3 ring of protection (left hand)
Potions
 f - 2 potions of curing
 p - a potion of restore abilities
 q - a potion of resistance {unknown}
 t - 2 potions of might {unknown}
 z - a potion of agility
 C - 2 potions of lignification
 D - 2 potions of cure mutation
 H - 2 potions of brilliance {unknown}
 J - a potion of flight
 N - 3 potions of cancellation
 P - a potion of poison {unknown}
 T - a potion of porridge
 V - a potion of mutation {unknown}
Books
 b - a book of Frost

   Spells                             Type                      Level
   *Freeze                            Ice                          1
   Throw Frost                        Conjuration/Ice              2
   *Ozocubu's Armour                  Charms/Ice                   3
   *Throw Icicle                      Conjuration/Ice              4
   *Summon Ice Beast                  Ice/Summoning                4
   Condensation Shield                Ice                          4
 e - a book of Alchemy

   Spells                             Type                      Level
   Sublimation of Blood               Necromancy                   2
   Alistair's Intoxication            Transmutation/Poison         4
   Condensation Shield                Ice                          4
   Petrify                            Transmutation/Earth          4
   Ignite Poison                      Fire/Transmutation           5
 L - a book of Battle

   Spells                             Type                      Level
   Infusion                           Charms                       1
   Shroud of Golubria                 Charms/Translocation         2
   Song of Slaying                    Charms                       2
   Spectral Weapon                    Hexes/Charms                 3
   *Regeneration                      Charms/Necromancy            3
 M - a book of Power

   Spells                             Type                      Level
   Fulminant Prism                    Conjuration/Hexes            4
   Iskenderun's Mystic Blast          Conjuration                  4
   Venom Bolt                         Conjuration/Poison           5
   Bolt of Magma                      Conjuration/Fire/Earth       5
   *Iron Shot                         Conjuration/Earth            6
   Orb of Destruction                 Conjuration                  7
 Z - a book of the Tempests

   Spells                             Type                      Level
   Static Discharge                   Conjuration/Air              3
   Lightning Bolt                     Conjuration/Air              5
   Fireball                           Conjuration/Fire             5
   Tornado                            Air                          9
   Shatter                            Earth                        9
Miscellaneous
 F - a crystal ball of energy


   Skills:
 * Level 7.7(7.6) Fighting
 + Level 5.3(5.2) Armour
 * Level 6.5(6.4) Dodging
 + Level 6.1(5.9) Stealth
 * Level 7.5(7.4) Spellcasting
 * Level 7.7(7.6) Conjurations
 + Level 6.7(6.6) Charms
 + Level 7.7(7.5) Summonings
 * Level 5.3(5.2) Necromancy
 * Level 8.6(8.5) Ice Magic
 * Level 5.1(5.0) Earth Magic
 * Level 5.4(5.2) Evocations


You had 6 spell levels left.
You knew the following spells:

 Your Spells              Type           Power        Failure   Level  Hunger
a - Iron Shot             Conj/Erth      ####......   93%         6    ######.
b - Freeze                Ice            ####         1%          1    None
c - Summon Ice Beast      Ice/Summ       #####...     4%          4    ###....
d - Throw Icicle          Conj/Ice       #####...     4%          4    ###....
e - Ozocubu's Armour      Chrm/Ice       #####...     1%          3    #......
f - Regeneration          Chrm/Necr      ####......   2%          3    #......


Dungeon Overview and Level Annotations

Branches:
Dungeon (11/15)            Temple (0/1) D:4             Orc (4/4) D:9
    Elf (2/3) Orc:4          Lair (8/8) D:10         Shoals (0/5) Lair:5
 Spider (0/5) Lair:5        Slime (0/6) Lair:7

Shops:
D:5 :   D:8 (   D:9 (   Orc:1 *   Orc:4 *([[[[[[


Innate Abilities, Weirdness & Mutations

Your vision is a little blurry.
You are clumsy. (Dex -2)


Message History

Drink which item? (? for menu, Esc to quit)
You feel better.
The starspawn tentacle loses its grip on you.
Drink which item? (? for menu, Esc to quit)
You feel better. The smoke demon gestures at you. Something smites you!
* * * LOW HITPOINT WARNING * * *
Casting: Regeneration
Confirm with . or Enter, or press ? or * to list all spells.
A chill wind blows around you.
The tentacled starspawn closely misses you. x2
The raiju completely misses you.
You swap places.
The raiju bites your ice beast but does no damage.
Your ice beast barely misses the raiju.
The large abomination hits you.
* * * LOW HITPOINT WARNING * * *
The tentacled starspawn completely misses you.
The tentacled starspawn engulfs you!
You die...

. .. ......
.....)...
......#..
.......#. #
........####
#.........@..# #
#......3XX..# ##.
.....X#Y..# #
###..#......h####
.#.#...3#....D###
. .#.....#.... #
.. ....§.......# #
..........X.§....#
.# ........§##.###


You could see a bone dragon, a tentacled starspawn, 2 large abominations, a
smoke demon, a raiju and a friendly ice beast.

Vanquished Creatures
  A stone giant (Orc:4)
  A minotaur (Lab)
  A hydra (Lair:6)
  3 orc high priests (Orc:4)
  A deep elf knight (Elf:1)
  3 deep elf summoners
  Pikel (D:6)
  An orc knight (Volcano)
  A large abomination (Abyss:1)
  4 deep elf conjurers
  A wolf spider (Lair:5)
  5 elephants (Lair:7)
  An eye of devastation (shapeshifter) (Elf:1)
  6 spiny frogs
  3 black mambas
  A manticore (D:8)
  2 molten gargoyles (Volcano)
  2 fire drakes
  6 komodo dragons
  4 deep elf priests
  A polar bear (Lair:7)
  2 giant leeches (Lair:8)
  3 boulder beetles
  7 blink frogs
  7 deep elf magi
  A tarantella (Lair:6)
  2 hippogriffs
  A neqoxec (Abyss:1)
  Grum (D:8)
  A vampire mosquito (Lair:8)
  2 hungry ghosts
  5 deep elf fighters (Elf:1)
  Edmund (D:5)
  5 wolves
  10 water moccasins
  14 orc warriors
  8 porcupines
  An ice beast (D:9)
  2 small abominations (Abyss:1)
  A sky beast (D:8)
  2 black bears
  2 necrophages
  A phantom (D:8)
  3 centaurs
  7 ogres
  A slave (D:6)
  8 crocodiles
  Sigmund (D:6)
  15 giant frogs
  3 scorpions
  An eye of draining (D:8)
  A hippogriff zombie (D:8)
  A wight (D:11)
  An electric eel (Lair:8)
  4 crimson imps
  4 lava snakes (Volcano)
  11 orc priests
  6 hounds
  A goliath beetle (D:8)
  3 quasits
  4 iguanas
  A giant frog skeleton (D:6)
  2 jellies (D:8)
  9 orc wizards
  10 worker ants
  6 sheep
  A sky beast zombie (D:7)
  A hound zombie (D:6)
  An ogre skeleton (D:4)
  A worker ant zombie (D:6)
  7 gnolls
  15 green rats
  A scorpion zombie (D:6)
  A giant mite (D:3)
  2 inept item mimics
  A white imp (Abyss:1)
  25 adders
  5 shadow imps
  8 worms
  An ufetubus (Abyss:1)
  3 giant geckos
  2 oozes
  73 orcs
  A ball python (D:4)
  4 giant cockroaches
  18 goblins
  17 hobgoblins
  8 jackals
  14 kobolds
  12 quokkas
  12 bats
  2 giant newts
  An orc skeleton (D:8)
  16 rats
484 creatures vanquished.

Vanquished Creatures (collateral kills)
  Snorg (Orc:1)
  3 hydras
  3 orc high priests (Orc:4)
  2 deep elf knights (Elf:2)
  An orc knight (Orc:4)
  A griffon (Lair:8)
  4 elephants
  A torpor snail (Lair:7)
  2 black mambas
  11 spiny frogs
  A fire drake (Lair:7)
  2 komodo dragons (Lair:8)
  3 giant leeches (Lair:8)
  A jumping spider (Elf:1)
  A troll (D:10)
  6 deep elf magi
  13 blink frogs
  A wyvern (D:8)
  10 yaks
  4 redbacks (Lair:6)
  6 vampire mosquitoes (Lair:8)
  4 basilisks
  4 hippogriffs
  A deep elf fighter (Elf:2)
  8 wargs
  9 wolves
  2 porcupines
  5 water moccasins
  A sky beast (D:8)
  7 orc warriors
  6 crocodiles
  2 centaurs (Lair:5)
  2 ogres (Orc:4)
  A boring beetle (Lair:8)
  2 ice beasts
  2 gnoll sergeants
  A big kobold (D:10)
  18 giant frogs
  A spriggan skeleton (D:11)
  A crimson imp (D:10)
  A wight (D:11)
  4 electric eels (Lair:8)
  34 orc priests
  A worker ant (D:9)
  A centaur skeleton (D:11)
  An iguana (Lair:4)
  A hound (Lair:6)
  13 orc wizards
  21 sheep
  4 adders
  7 gnolls
  27 green rats
  109 orcs
  4 hobgoblins
  5 kobolds (D:10)
  3 quokkas
  A bat (D:8)
  A giant spore (D:10)
  3 goblins
  An orc skeleton (D:4)
  A rat (D:10)
  3 ballistomycetes (D:10)
  A butterfly (Lair:4)
401 creatures vanquished.

Vanquished Creatures (others)
  A human (D:11)
  81 ice beasts
  2 slaves (D:6)
  A centaur (Lair:5)
  A worker ant (D:6)
  An orc (Orc:4)
  A quokka (D:10)
  7 fungi
  6 plants (Lair:8)
  8 starspawn tentacles (Abyss:1)
  233 starspawn tentacle segments (Abyss:1)
342 creatures vanquished.

Grand Total: 1227 creatures vanquished

Notes
Turn   | Place    | Note
--------------------------------------------------------------
     0 | D:1      | Johnny, the Demigod Ice Elementalist, began the quest for the Orb.
     0 | D:1      | Reached XP level 1. HP: 14/14 MP: 3/3
   237 | D:1      | Reached XP level 2. HP: 22/22 MP: 0/5
   611 | D:1      | Reached skill level 1 in Fighting
   985 | D:2      | Learned a level 2 spell: Throw Frost
  1002 | D:2      | Reached XP level 3. HP: 9/28 MP: 4/8
  1238 | D:2      | Reached skill level 3 in Ice Magic
  2106 | D:3      | Reached skill level 1 in Armour
  2242 | D:3      | Reached XP level 4. HP: 32/35 MP: 5/10
  2388 | D:3      | Learned a level 4 spell: Summon Ice Beast
  2648 | D:3      | Reached skill level 1 in Conjurations
  3062 | D:3      | Found a bloodstained altar of Trog.
  3132 | D:4      | Reached skill level 1 in Summonings
  3132 | D:4      | Reached XP level 5. HP: 41/41 MP: 3/12
  3201 | D:4      | Found a blossoming altar of Fedhas.
  3220 | D:4      | Noticed an ogre
  3500 | D:4      | Got a heavily jewelled robe
  3511 | D:4      | Identified the +0 robe of Makhleb {rC+} (You found it on level 4 of the Dungeon)
  3517 | D:4      | Killed an ogre
  3601 | D:4      | Found a staircase to the Ecumenical Temple.
  3855 | D:4      | Reached XP level 6. HP: 39/48 MP: 1/15
  4271 | D:4      | Got a bronze scale mail
  4282 | D:4      | Identified the cursed -9 scale mail "Nadefa" {rF+ Dex+2} (You found it on level 4 of the Dungeon)
  4713 | D:5      | Entered Level 5 of the Dungeon
  4967 | D:5      | Reached skill level 1 in Evocations
  5285 | D:5      | Found Schur's Book Shop.
  5293 | D:5      | Noticed Edmund
  5309 | D:5      | Killed Edmund
  5309 | D:5      | Reached XP level 7. HP: 48/56 MP: 8/18
  5311 | D:5      | Got a transparent granite ring
  5402 | D:5      | Reached skill level 4 in Ice Magic
  5692 | D:5      | Found a radiant altar of Vehumet.
  5881 | D:6      | Learned a level 4 spell: Throw Icicle
  6572 | D:6      | Noticed Pikel
  6601 | D:6      | Killed Pikel
  6601 | D:6      | Reached XP level 8. HP: 61/63 MP: 8/20
  6740 | D:6      | Noticed Sigmund
  6744 | D:6      | Killed Sigmund
  7116 | D:6      | Reached skill level 5 in Ice Magic
  7426 | D:6      | Found an iron altar of Okawaru.
  7848 | D:7      | Identified the ring "Smoshruk" {Contam rC+ rN+ Str+1} (You took it off a goblin on level 5 of the Dungeon)
  7892 | D:7      | Learned a level 3 spell: Ozocubu's Armour
  8681 | D:7      | Reached skill level 1 in Charms
  8816 | D:8      | Reached XP level 9. HP: 38/71 MP: 3/23
  8945 | D:8      | Found Okkoat's Weapon Shoppe.
  9368 | D:8      | Noticed Grum
  9392 | D:8      | Killed Grum
  9739 | D:8      | Noticed a manticore
 10421 | D:8      | Reached skill level 5 in Spellcasting
 10674 | D:8      | Killed a manticore
 11244 | D:9      | Reached skill level 6 in Ice Magic
 11373 | D:9      | Reached XP level 10. HP: 80/80 MP: 2/25
 11552 | D:9      | Found a staircase to the Orcish Mines.
 11554 | D:9      | Found Crequeps' Weapon Shoppe.
 12133 | D:9      | Found a stormy altar of Qazlal.
 12133 | D:9      | Found a burning altar of Makhleb.
 12250 | D:10     | Entered Level 10 of the Dungeon
 12354 | D:10     | Reached skill level 5 in Fighting
 12437 | D:10     | Learned a level 3 spell: Regeneration
 12452 | D:10     | Reached skill level 5 in Summonings
 12578 | D:10     | Found a staircase to the Lair.
 13080 | D:10     | Reached skill level 1 in Necromancy
 13353 | Lair:1   | Entered Level 1 of the Lair of Beasts
 13466 | Lair:1   | Reached skill level 5 in Conjurations
 15397 | Lair:2   | Reached XP level 11. HP: 87/89 MP: 15/27
 15740 | Lair:3   | Learned a level 6 spell: Iron Shot
 15837 | Lair:3   | Reached skill level 7 in Ice Magic
 15877 | Lair:3   | Found a labyrinth entrance.
 15886 | Lab      | Entered a labyrinth
 22843 | Lab      | Noticed a minotaur
 22868 | Lab      | Killed a minotaur
 22868 | Lab      | Reached skill level 1 in Earth Magic
 22876 | Lab      | Got a brightly glowing granite ring
 22914 | Lab      | Identified the ring of Mnuynuzo {Ice +Inv Stlth++} (You found it in a labyrinth)
 22970 | Lair:3   | Identified a +3 rod of destruction (13/13) (You found it in a labyrinth)
 23436 | Lair:3   | Identified a scroll of acquirement
 23450 | Lair:3   | Identified a +1 pair of boots of running (You acquired it on level 3 of the Lair of Beasts)
 23840 | Lair:4   | Noticed a seven-headed hydra
 23849 | Lair:4   | Killed a seven-headed hydra
 24434 | Lair:5   | Reached skill level 5 in Stealth
 24627 | Lair:5   | Found a staircase to the Shoals.
 25290 | Lair:5   | Found a hole to the Spider Nest.
 25732 | Lair:6   | Noticed a four-headed hydra
 25741 | Lair:6   | Killed a four-headed hydra
 25741 | Lair:6   | Reached skill level 5 in Charms
 25870 | Lair:6   | Noticed a six-headed hydra
 25883 | Lair:6   | Killed a six-headed hydra
 26100 | Lair:6   | Reached skill level 5 in Dodging
 26273 | Lair:6   | Reached XP level 12. HP: 91/96 MP: 19/29
 26632 | Lair:7   | Gained mutation: You have a pair of small horns on your head. [potion of beneficial mutation]
 26633 | Lair:7   | Lost mutation: You have a pair of small horns on your head. [potion of cure mutation]
 26682 | Lair:7   | Found a staircase to the Slime Pits.
 27559 | Lair:8   | Entered Level 8 of the Lair of Beasts
 28460 | Lair:8   | Reached skill level 8 in Ice Magic
 29883 | Lair:8   | Reached skill level 5 in Armour
 30786 | Lair:4   | You fall through a shaft for 2 floors!
 31164 | Orc:1    | Entered Level 1 of the Orcish Mines
 31407 | Orc:1    | Noticed Snorg
 31433 | Orc:1    | Killed Snorg
 32402 | Orc:1    | Found Idiast's General Store.
 32405 | Orc:1    | Bought a scroll of teleportation for 42 gold pieces
 32620 | Orc:2    | Reached XP level 13. HP: 80/104 MP: 4/30
 32753 | Orc:2    | Found a bloodstained altar of Trog.
 32996 | Orc:3    | Found a dark tunnel.
 33075 | Volcano  | Entered a volcano
 33326 | Volcano  | Found a bloodstained altar of Trog.
 33359 | Volcano  | Reached skill level 5 in Evocations
 33752 | Orc:4    | Entered Level 4 of the Orcish Mines
 33889 | Orc:4    | Found Gaizxaim's Antique Armour Shoppe.
 33910 | Orc:4    | Bought an encrusted ring mail for 297 gold pieces
 33924 | Orc:4    | Identified the cursed -3 ring mail of Chimes {Int+3} (You bought it in a shop on level 4 of the Orcish Mines)
 33939 | Orc:4    | Bought a brightly glowing leather armour for 231 gold pieces
 33952 | Orc:4    | Identified the cursed +0 leather armour of the Boiling Point {+Inv} (You bought it in a shop on level 4 of the Orcish Mines)
 33982 | Orc:4    | Found a radiant altar of Vehumet.
 34004 | Orc:4    | Noticed a stone giant
 34024 | Orc:4    | Killed a stone giant
 35317 | Orc:4    | Found a roughly hewn altar of Beogh.
 35545 | Orc:4    | Found Urchiro's Weapon Shoppe.
 35555 | Orc:4    | Found Sush's General Store.
 35576 | Orc:4    | Bought a potion of curing for 24 gold pieces
 35631 | Orc:4    | Found Piaguv's Antique Armour Shop.
 35692 | Orc:4    | Found Yngilug's Antique Armour Emporium.
 35692 | Orc:4    | Found Fufihyh's Armour Boutique.
 35834 | Orc:4    | Found Gaynera's Antique Armour Emporium.
 35834 | Orc:4    | Found Pufonur's Antique Armour Boutique.
 35850 | Orc:4    | Bought a crude robe for 222 gold pieces
 35865 | Orc:4    | Identified the cursed -3 robe of Zikosch {rF+ Dex-2} (You bought it in a shop on level 4 of the Orcish Mines)
 35989 | Orc:4    | Reached skill level 5 in Necromancy
 36173 | Orc:4    | Found a staircase to the Elven Halls.
 36803 | Elf:1    | Entered Level 1 of the Elven Halls
 36968 | Elf:1    | Found a burning altar of Makhleb.
 38518 | Elf:2    | Reached skill level 5 in Earth Magic
 38998 | Elf:2    | Noticed a deep elf sorcerer
 40814 | D:11     | Cast into the Abyss (wight)
 40864 | Abyss:1  | Noticed a bone dragon
 40881 | Abyss:1  | Noticed a tentacled starspawn
 40882 | Abyss:1  | Gained mutation: Your vision is a little blurry. [a neqoxec]
 40905 | Abyss:1  | Gained mutation: You are clumsy. (Dex -2) [a neqoxec]
 40930 | Abyss:1  | Slain by a tentacled starspawn

Action                   |  1- 3 |  4- 6 |  7- 9 | 10-12 | 13-15 || total
-------------------------+-------+-------+-------+-------+-------++-------
Melee: Club              |    10 |       |       |       |       ||    10
       Whip              |     9 |       |       |       |       ||     9
       Dagger            |    48 |   124 |       |       |       ||   172
       Flail             |       |       |   373 |   625 |       ||   998
       Quarterstaff      |       |       |       |     4 |       ||     4
       Cutlass           |       |       |       |    72 |   376 ||   448
 Cast: Freeze            |    37 |    65 |    76 |    90 |    56 ||   324
       Throw Frost       |    13 |    41 |     4 |     2 |       ||    60
       Summon Ice Beast  |       |     1 |    20 |   213 |   135 ||   369
       Throw Icicle      |       |       |    69 |   152 |   117 ||   338
       Ozocubu's Armour  |       |       |       |    26 |     2 ||    28
       Regeneration      |       |       |       |    31 |    24 ||    55
Evoke: Wand              |       |     1 |     5 |    57 |    10 ||    73
       Box of beasts     |       |       |       |       |     2 ||     2
       Phial of floods   |       |       |       |       |     1 ||     1
  Use: Scroll            |     3 |     7 |     4 |    16 |    17 ||    47
       Potion            |       |     3 |       |     5 |     5 ||    13
 Stab: Sleeping          |       |       |     8 |    10 |     3 ||    21
       Distracted        |       |       |     3 |     7 |     2 ||    12
       Paralysed         |       |       |       |       |     8 ||     8
  Eat: Chunk             |     5 |    15 |    35 |   102 |    42 ||   199
       Pizza             |       |     1 |       |     1 |       ||     2
       Fruit             |       |       |     1 |     7 |       ||     8
       Meat ration       |       |       |       |     1 |       ||     1
       Royal jelly       |       |       |       |     1 |       ||     1
